 Dungeon Crawl Stone Soup version 0.17.1-3-g152610e (webtiles) character file.

248971 theElss the Bludgeoner (level 19, -10/139 HPs)
             Began as a Gargoyle Berserker on Feb 20, 2016.
             Was the Champion of Trog.
             Killed from afar by a blizzard demon (29 damage)
             ... with a bolt of cold
             ... on level 2 of the Depths.
             The game lasted 03:14:59 (45852 turns).

theElss the Bludgeoner (Gargoyle Berserker)        Turns: 45852, Time: 03:14:59

Health: -10/139    AC: 51    Str: 27    XL:     19   Next: 58%
Magic:  25/25      EV:  8    Int:  6    God:    Trog [******]
Gold:   3624       SH: 21    Dex: 10    Spells: 0 memorised, 18 levels left

rFire  + . .     SeeInvis .     R - +9 eveningstar of Mourning {vamp, +Rage rF+ MR++ Int-5}
rCold  . . .     Clarity  .     x - +10 plate armour of Foig {Int+2}
rNeg   + . .     SustAt   +     q - +0 large shield
rPois  ∞         Gourm    .     (no helmet)
rElec  +         Spirit   .     C - +2 cloak
rCorr  .         Warding  .     A - +0 pair of gloves
rMut   .         Stasis   .     w - +0 pair of boots
MR     +++..                    I - amulet of Vitality {Regen+ HP+15}
Stlth  ..........               P - +5 ring of protection
                                J - ring of sustain attributes

@: about to teleport, flying, extremely resistant to hostile enchantments,
extremely unstealthy
A: big wings, negative energy resistance 1, electricity resistance, unbreathing,
petrification resistance, rot immunity, AC +13
a: Stop Flying, Berserk, Trog's Hand, Brothers in Arms, Burn Spellbooks,
Renounce Religion, Evoke Berserk Rage
}: 2/15 runes: decaying, gossamer


You were on level 2 of the Depths.
You worshipped Trog.
Trog was exalted by your worship.
You were very hungry.

You visited 7 branches of the dungeon, and saw 38 of its levels.
You also visited: Labyrinth, Sewer and Bailey.

You collected 3940 gold pieces.
You spent 316 gold pieces at shops.

Inventory:

Hand Weapons
 k - a +3 demon whip of freezing
 r - the +5 demon whip "Spellbinder" {antimagic, MR+}
   (Trog gifted it to you on level 2 of the Depths)

   It disrupts the flow of magical energy around spellcasters and certain
   magical creatures (including the wielder).
   It affects your resistance to hostile enchantments.
 R - the +9 eveningstar of Mourning (weapon) {vamp, +Rage rF+ MR++ Int-5}
   (Trog gifted it to you on level 15 of the Dungeon)

   It inflicts no extra harm, but heals its wielder somewhat when it strikes a
   living foe.
   It affects your intelligence (-5).
   It protects you from fire.
   It affects your resistance to hostile enchantments.
   It lets you go berserk.
Armour
 b - a +2 hat of magic resistance
 q - a +0 large shield (worn)
 w - a +0 pair of boots (worn)
 x - the +10 plate armour of Foig (worn) {Int+2}
   (You found it in a labyrinth)

   It affects your intelligence (+2).
 A - a +0 pair of gloves (worn)
 C - a +2 cloak (worn)
 N - the +0 plate armour "Juomum" {rF+ rCorr, unknown}
   (You found it on level 2 of the Depths)

   It protects you from fire.
   It protects you from acid and corrosion.
 O - a +2 large shield of cold resistance
Rods
 s - a +2 rod of ignition (12/12)
   (You took it off a spriggan berserker on level 2 of the Depths)
 B - a +2 rod of shadows (10/10)
   (You found it on level 2 of the Depths)
 T - a +3 rod of clouds (13/13)
   (You found it on level 2 of the Depths)
Jewellery
 l - an uncursed ring of protection from fire
 n - an uncursed ring of see invisible
 z - an uncursed ring of ice
 G - an uncursed amulet of the gourmand
 I - the amulet of Vitality (around neck) {Regen+ HP+15}
   (You took it off an orc on level 8 of the Dungeon)

   [amulet of regeneration]

   It affects your health (+15).
   It increases your rate of regeneration.
 J - a ring of sustain attributes (left hand)
 P - a +5 ring of protection (right hand)
 V - an uncursed ring of teleportation
Wands
 a - a wand of digging (20)
 g - a wand of magic darts (10)
 h - a wand of frost (22)
 u - a wand of enslavement (15)
 U - a wand of enslavement (13)
Scrolls
 c - 14 scrolls of identify
 d - 7 scrolls of magic mapping
 f - 14 scrolls of teleportation
 j - 2 scrolls of recharging
 m - 4 scrolls of fear
 t - 6 scrolls of remove curse
 v - 3 scrolls of silence
 y - 13 scrolls of fog
 D - 3 scrolls of blinking
 H - 5 scrolls of holy word
 W - a scroll of summoning
Potions
 e - a potion of cancellation
 p - 3 potions of might
 K - a potion of resistance
 M - 4 potions of agility
 Q - 16 potions of curing
 S - 6 potions of haste
Books
 E - a book of Minor Magic

   Spells                             Type                      Level
   a - Magic Dart                     Conjuration                  1
   b - Blink                          Translocation                2
   c - Call Imp                       Summoning                    2
   d - Repel Missiles                 Charms/Air                   2
   e - Slow                           Hexes                        2
   f - Conjure Flame                  Conjuration/Fire             3
   g - Mephitic Cloud                 Conjuration/Poison/Air       3
   Trog disapproves of the use of such an item.
 F - a book of Beasts

   Spells                             Type                      Level
   a - Summon Butterflies             Summoning                    1
   b - Call Canine Familiar           Summoning                    3
   c - Summon Ice Beast               Ice/Summoning                4
   d - Summon Mana Viper              Hexes/Summoning              5
   e - Summon Hydra                   Summoning                    7
   Trog disapproves of the use of such an item.
Comestibles
 i - 3 meat rations
 o - 2 bread rations
 L - a beef jerky
 X - 3 fruits


   Skills:
 + Level 15.3 Fighting
 + Level 20.7 Maces & Flails
 + Level 14.1 Armour
 - Level 6.9 Dodging
 - Level 2.0 Stealth
 + Level 15.9 Shields
 - Level 9.0 Evocations


You had 18 spell levels left.
You didn't know any spells.

Dungeon Overview and Level Annotations

Branches:
Dungeon (15/15)            Temple (1/1) D:5            Lair (8/8) D:8
  Swamp (4/4) Lair:6       Spider (4/4) Lair:3        Slime (0/6) Lair:8
    Orc (4/4) D:12            Elf (0/3) Orc:3        Vaults (0/5) D:14
 Depths (2/5) D:15

Altars:
Ashenzari
Cheibriados
Dithmenos
Elyvilon
Fedhas
Gozag
Kikubaaqudgha
Makhleb
Nemelex Xobeh
Okawaru
Qazlal
Ru
Sif Muna
Trog
Vehumet
Xom
Yredelemnul
Zin
The Shining One
Beogh

Shops:
D:8 :   D:11 ?   D:14 [   Orc:3 %:=   Orc:4 ?*[=

Portals:
Hell: Depths:1 Depths:2

Annotations:
D:11 2 runed doors
Depths:2 exclusion: ice statue


Innate Abilities, Weirdness & Mutations

You are resistant to torment.
Your stone body is resilient (AC +13).
You are immune to poison.
Your large and strong wings let you fly indefinitely.
You resist negative energy.
You are resistant to electric shocks.
You can survive without breathing.
You are immune to petrification.
You are immune to rotting.


Message History

Put on which piece of jewellery? (? for menu, Esc to quit)
You remove your amulet of the gourmand.
You block the ice devil's attack. The blizzard demon gestures at you.
The bolt of cold hits you!
* * * LOW HITPOINT WARNING * * *
I - the amulet of Vitality (around neck) {Regen+ HP+15} The blue devil hits you but does no damage.
The frost giant simulacrum hits you.
* * * LOW HITPOINT WARNING * * *
The frost giant simulacrum freezes you!!
* * * LOW HITPOINT WARNING * * *
You're too hungry to go berserk.
Unknown command.
Read which item? (? for menu, Esc to quit)
As you read the scroll of teleportation, it crumbles to dust.
You feel strangely unstable.
The ice devil hits you but does no damage.
The blizzard demon gestures at you. The bolt of cold hits you!
You die...

≈≈≈≈..... ≈≈≈...... .....≈...
....≈≈..##### ....≈...#...####
...≈≈...'......##
...≈..Z44.......###
.Z.≈.ei3Z2.......%##
......##@4Z......(⌠##
._....#####.....(.$%##
..4§.##...###.....(..##
.∩e.##......#''....(..##
......#######.........'#...((..##
.........§.............##..[[...#
....................))..##.[....#
.......8...8.......8.))..##...''#
.....8.......8...(........###''..


You could see a blizzard demon, an ice devil, a spriggan berserker (berserk), a
deep elf high priest, a rust devil, 2 blue devils, a golden dragon simulacrum, a
stone giant simulacrum, a frost giant simulacrum and a glowing shapeshifter
simulacrum.

Vanquished Creatures
  A golden dragon (Depths:2)
  Arachne (Spider:4)
  Rupert (Lair:6)
  Asterion (Spider:4)
  A quicksilver dragon (Depths:2)
  Kirke (D:12)
  A shadow dragon (Depths:2)
  A storm dragon (Depths:2)
  Roxanne (Swamp:2)
  A tengu reaver (Depths:1)
  Donald (Spider:3)
  A balrug (Depths:2)
  2 iron dragons (Depths:2)
  4 ghost moths (Spider:4)
  2 frost giants
  5 emperor scorpions (Spider:4)
  A spriggan defender (Depths:2)
  3 stone giants
  2 very ugly things (Depths:1)
  2 vampire knights
  Nessos (Lair:8)
  A deep elf demonologist (Depths:2)
  2 salamander stormcallers (Depths:2)
  4 dire elephants (Lair:8)
  A deep elf annihilator (Depths:2)
  The ghost of Xenophilius the Cruncher, a journeyman CeGl of Trog (Lair:4)
  2 ettins
  Snorg (Lair:8)
  8 vault guards (D:14)
  A minotaur (Lab)
  4 fire dragons
  An entropy weaver (Spider:4)
  17 hydras
  3 ice dragons
  A spriggan air mage (Depths:2)
  A catoblepas (Lair:4)
  An anaconda (Lair:8)
  3 ogre magi
  A ghost crab (Swamp:2)
  3 centaur warriors
  8 alligators
  4 death yaks
  A vampire mage (Depths:2)
  A queen ant (Lair:8)
  7 spriggan berserkers (Depths:2)
  12 tengu warriors
  3 sun demons (Depths:2)
  Sonja (D:8)
  3 unseen horrors
  3 soul eaters (Depths:2)
  An iron troll (Depths:2)
  A fire crab (Lair:8)
  2 skeletal warriors (Depths:1)
  4 spriggan druids
  2 giant orange brains (Depths:2)
  A wizard (Depths:2)
  8 swamp dragons
  2 phantasmal warriors (Depths:1)
  An orange crystal statue (Depths:1)
  3 shambling mangroves
  5 orc knights
  2 orc sorcerers (Orc:3)
  6 hill giants
  20 wolf spiders
  16 orb spiders
  10 ugly things
  A manticore (D:11)
  3 hornets
  11 black mambas
  A griffon (Lair:6)
  2 centaur zombies
  2 cyclopes
  11 elephants
  A moth of wrath (Spider:4)
  21 spiny frogs
  2 torpor snails (Spider:4)
  4 gargoyles
  11 komodo dragons
  A kobold demonologist (D:14)
  8 rust devils
  2 tengu conjurers (Depths:2)
  13 demonic crawlers
  3 efreet
  6 fire drakes
  A queen bee (shapeshifter) (D:15)
  2 red devils (Depths:2)
  23 jumping spiders
  The ghost of bollicks1999 the Shield-Bearer, an amateur MiFi (D:5)
  A freezing wraith (D:15)
  A blue devil (Depths:2)
  14 trolls
  A blink frog (shapeshifter) (D:13)
  25 blink frogs
  6 giant leeches
  A polar bear (Lair:5)
  Prince Ribbit (D:6)
  8 two-headed ogres
  28 slime creatures
  2 boulder beetles
  5 shadows
  2 bog bodies (Swamp:4)
  5 wyverns
  A flying skull (Depths:2)
  16 trapdoor spiders
  2 spriggans (Depths:2)
  A vampire (D:12)
  37 redbacks
  26 tarantellas
  2 deep elf magi
  A human (D:11)
  12 hippogriffs
  3 basilisks
  A steam dragon (D:10)
  53 yaks
  10 wolves
  2 wraiths
  2 hungry ghosts
  20 soldier ants (Lair:8)
  A warg (Orc:2)
  31 swamp worms
  2 hell hounds (Depths:2)
  15 insubstantial wisps
  9 vampire mosquitoes
  4 sky beasts
  13 water moccasins
  19 porcupines
  An ice beast (D:12)
  10 swamp drakes
  23 ogres
  A phantom (D:9)
  3 black bears
  35 orc warriors
  An eye of draining (shapeshifter) (D:15)
  18 spiders
  8 wasps
  5 boggarts (D:15)
  2 necrophages
  18 crocodiles
  16 centaurs
  29 giant frogs
  5 gnoll sergeants (D:12)
  4 big kobolds
  2 brain worms
  2 wyvern skeletons (D:13)
  A water moccasin skeleton (D:6)
  5 scorpions
  7 killer bees
  7 wights
  16 jellies
  14 crimson imps
  A giant frog zombie (D:11)
  3 quasits
  6 electric eels
  8 hounds
  29 orc wizards
  3 centaur skeletons
  2 giant frog skeletons
  30 worker ants
  26 orc priests
  3 hell rats (Lair:7)
  9 sheep
  18 iguanas
  2 killer bee zombies (D:11)
  2 hound zombies
  A hound skeleton (D:10)
  17 adders
  2 worker ant zombies
  14 gnolls
  46 river rats
  3 shadow imps
  3 oozes
  2 worms
  6 giant geckos
  182 orcs
  16 ball pythons
  5 giant cockroaches
  15 goblins
  7 hobgoblins
  15 jackals
  2 quokkas
  11 bats
  7 giant newts
  30 kobolds
  A quokka skeleton (D:6)
  33 rats
  A fungus (Lair:4)
  2 plants (Lair:8)
1526 creatures vanquished.

Vanquished Creatures (collateral kills)
  An orc priest (D:6)
  2 orcs (D:6)
3 creatures vanquished.

Vanquished Creatures (others)
  A tengu warrior (Depths:2)
  An alligator (Swamp:4)
  A wolf (Lair:4)
  A swamp worm (Swamp:4)
  2 insubstantial wisps (Swamp:2)
  A hell hound (Depths:2)
  A crimson imp (D:12)
  13 fungi
  11 plants
32 creatures vanquished.

Grand Total: 1561 creatures vanquished

Notes
Turn   | Place    | Note
--------------------------------------------------------------
     0 | D:1      | theElss the Gargoyle Berserker began the quest for the Orb.
     0 | D:1      | Reached XP level 1. HP: 14/14 MP: 1/1
   145 | D:1      | Reached XP level 2. HP: 14/19 MP: 2/2
   224 | D:1      | You fall through a shaft!
   281 | D:2      | Reached XP level 3. HP: 15/24 MP: 3/3
   533 | D:2      | Reached ** piety under Trog
  1096 | D:2      | Reached skill level 4 in Fighting
  1142 | D:2      | Reached XP level 4. HP: 29/29 MP: 4/4
  1910 | D:3      | Reached *** piety under Trog
  1957 | D:3      | Found a shimmering altar of Xom.
  2018 | D:3      | Reached XP level 5. HP: 33/33 MP: 5/5
  2273 | D:3      | Reached XP level 6. HP: 39/39 MP: 6/6
  2726 | D:5      | Entered Level 5 of the Dungeon
  3001 | D:5      | Found a staircase to the Ecumenical Temple.
  3110 | D:5      | Reached XP level 7. HP: 39/44 MP: 7/7
  3269 | D:5      | Found a glowing drain.
  3304 | Sewer    | Entered a sewer
  3446 | Sewer    | Reached **** piety under Trog
  3609 | Sewer    | Reached skill level 5 in Fighting
  3764 | Sewer    | Reached skill level 5 in Maces & Flails
  4361 | D:5      | Reached ***** piety under Trog
  4394 | D:5      | Reached XP level 8. HP: 35/49 MP: 8/8
  4934 | D:5      | Noticed bollicks1999's ghost (amateur MiFi)
  4945 | D:6      | Reached skill level 5 in Armour
  5351 | D:6      | Noticed Prince Ribbit
  5612 | D:5      | Killed bollicks1999's ghost
  5612 | D:5      | Reached skill level 5 in Dodging
  5666 | D:6      | Killed Prince Ribbit
  5666 | D:6      | Reached skill level 6 in Maces & Flails
  5985 | D:6      | Reached XP level 9. HP: 36/55 MP: 9/9
  6443 | Temple   | Entered the Ecumenical Temple
  6747 | D:7      | Reached skill level 7 in Maces & Flails
  7270 | D:7      | Reached skill level 1 in Stealth
  7648 | D:7      | Found a shimmering altar of Xom.
  8041 | D:8      | Found a staircase to the Lair.
  8041 | D:8      | Noticed an elephant
  8084 | D:8      | Killed an elephant
  8084 | D:8      | Reached skill level 8 in Maces & Flails
  8280 | D:8      | Reached XP level 10. HP: 54/63 MP: 10/10
  8337 | D:8      | Found Lythrula's Book Emporium.
  9299 | D:9      | Reached skill level 9 in Maces & Flails
 10477 | D:10     | Entered Level 10 of the Dungeon
 10477 | D:10     | Noticed a hill giant
 11034 | D:10     | Noticed a hill giant
 11057 | D:9      | Killed a hill giant
 11057 | D:9      | Reached skill level 10 in Maces & Flails
 11180 | D:10     | Received a gift from Trog
 11362 | D:10     | Killed a hill giant
 11362 | D:10     | Reached XP level 11. HP: 36/69 MP: 11/11
 12399 | Lair:1   | Entered Level 1 of the Lair of Beasts
 12399 | Lair:1   | Noticed Sonja
 12399 | Lair:1   | Noticed an eight-headed hydra
 12491 | D:8      | Killed an eight-headed hydra
 12491 | D:8      | Reached skill level 11 in Maces & Flails
 12676 | D:8      | Killed Sonja
 14013 | Lair:1   | Noticed a seven-headed hydra
 14025 | Lair:1   | Killed a seven-headed hydra
 14025 | Lair:1   | Reached skill level 10 in Armour
 14210 | Lair:1   | Reached skill level 12 in Maces & Flails
 14275 | Lair:1   | Identified 2 scrolls of acquirement
 14357 | Lair:2   | Got a dazzling rapier
 14555 | Lair:2   | Reached XP level 12. HP: 62/77 MP: 12/12
 15064 | Lair:2   | Reached skill level 10 in Fighting
 15907 | Lair:3   | Noticed a four-headed hydra
 15930 | Lair:3   | Killed a four-headed hydra
 16346 | Lair:3   | Reached skill level 13 in Maces & Flails
 16761 | Lair:3   | Found a hole to the Spider Nest.
 17384 | Lair:4   | Received a gift from Trog
 17541 | Lair:4   | Noticed a catoblepas
 17554 | Lair:4   | Killed a catoblepas
 17588 | Lair:4   | Reached skill level 14 in Maces & Flails
 17588 | Lair:4   | Reached XP level 13. HP: 42/84 MP: 4/13
 17609 | Lair:4   | Noticed Xenophilius's ghost (journeyman CeGl)
 17631 | Lair:4   | Killed Xenophilius's ghost
 17686 | Lair:4   | Found a labyrinth entrance.
 17714 | Lab      | Entered a labyrinth
 18331 | Lab      | Noticed a minotaur
 18341 | Lab      | Killed a minotaur
 18385 | Lab      | Got a pitted blowgun
 18385 | Lab      | Got a twisted falchion
 18385 | Lab      | Got a distressingly furry plate armour
 18596 | Lair:1   | Identified the +10 plate armour of Foig {Int+2} (You found it in a labyrinth)
 18613 | Lair:1   | Identified the +7 rapier "Killer Bee's Curse" {pain, *Corrode rF+++ rC+ Int+4} (You found it on level 2 of the Lair of Beasts)
 18614 | Lair:1   | Identified the +3 blowgun of the Sun {speed, rElec rN+ Int+3} (You found it in a labyrinth)
 18615 | Lair:1   | Identified the +9 falchion of Autumn {venom, *Confuse Int+3 Dex+4 Stlth+} (You found it in a labyrinth)
 19430 | Lair:4   | Reached skill level 15 in Maces & Flails
 20046 | Lair:5   | Received a gift from Trog
 20901 | Lair:6   | Noticed Rupert
 20919 | Lair:6   | Killed Rupert
 21605 | Lair:6   | Reached skill level 16 in Maces & Flails
 21605 | Lair:6   | Gained mutation: Your large and strong wings let you fly indefinitely. [Gargoyle growth]
 21605 | Lair:6   | Reached XP level 14. HP: 91/91 MP: 4/14
 21778 | Lair:6   | Reached ****** piety under Trog
 21894 | Lair:6   | Received a gift from Trog
 22019 | Lair:6   | Found a staircase to the Swamp.
 22466 | Lair:7   | Received a gift from Trog
 23389 | Lair:8   | Entered Level 8 of the Lair of Beasts
 23591 | Lair:8   | Received a gift from Trog
 23909 | Lair:7   | Reached skill level 17 in Maces & Flails
 24452 | Lair:8   | Received a gift from Trog
 24552 | Lair:8   | Found a staircase to the Slime Pits.
 24699 | Lair:8   | Noticed Nessos
 24709 | Lair:8   | Killed Nessos
 24940 | Lair:8   | Noticed Snorg
 24948 | Lair:8   | Killed Snorg
 25188 | Lair:8   | Reached XP level 15. HP: 92/97 MP: 5/15
 25408 | Lair:8   | Reached skill level 18 in Maces & Flails
 26167 | D:11     | Found Qufat's Magic Scroll Emporium.
 26381 | D:11     | Found a large runed door.
 26381 | D:11     | Found a large runed door.
 26410 | D:11     | Received a gift from Trog
 26458 | D:11     | Found a large runed door.
 26458 | D:11     | Found a large runed door.
 26620 | D:11     | Got a pitted leather armour
 26754 | D:11     | Reached skill level 1 in Shields
 27532 | D:12     | Noticed Kirke
 27545 | D:12     | Killed Kirke
 27647 | D:12     | Reached skill level 5 in Shields
 28223 | D:12     | Found a burning altar of Makhleb.
 28228 | D:12     | Received a gift from Trog
 28391 | D:12     | Found a staircase to the Orcish Mines.
 29286 | D:14     | Found a flagged portal.
 29325 | Bailey   | Entered a bailey
 29537 | Bailey   | Reached skill level 1 in Evocations
 29569 | Bailey   | Received a gift from Trog
 29665 | D:14     | Found a gate to the Vaults.
 29917 | D:14     | Found Kanaf's Antique Armour Emporium.
 29923 | D:14     | Bought a pair of glowing gloves for 135 gold pieces
 30134 | D:14     | Reached skill level 5 in Evocations
 30134 | D:14     | Reached XP level 16. HP: 97/104 MP: 19/19
 30608 | D:15     | Entered Level 15 of the Dungeon
 31623 | D:15     | Received a gift from Trog
 31624 | D:15     | Got a shimmering eveningstar {god gift}
 31695 | D:15     | Found a staircase to the Depths.
 31840 | Orc:1    | Entered Level 1 of the Orcish Mines
 31982 | Orc:2    | Identified the +9 eveningstar of Mourning {vamp, +Rage rF+ MR++ Int-5} (Trog gifted it to you on level 15 of the Dungeon)
 32190 | Orc:2    | Found a roughly hewn altar of Beogh.
 32312 | Orc:1    | Found a shimmering altar of Xom.
 32453 | Orc:1    | Received a gift from Trog
 32792 | Orc:3    | Found Bopsiq Weep's Food Emporium.
 32798 | Orc:3    | Found Nebojy's Jewellery Shoppe.
 32856 | Orc:3    | Found Pon Lek's Book Emporium.
 32979 | Orc:3    | Found a staircase to the Elven Halls.
 33326 | Orc:4    | Entered Level 4 of the Orcish Mines
 33370 | Orc:4    | Received a gift from Trog
 33555 | Orc:4    | Found Cuizag's Magic Scroll Shoppe.
 33556 | Orc:4    | Found Zethedar's Armour Shop.
 33556 | Orc:4    | Found Uxel's General Store.
 33572 | Orc:4    | Received a gift from Trog
 33861 | Orc:4    | Found Loheyf's Jewellery Boutique.
 33866 | Orc:4    | Bought a scroll of enchant armour for 97 gold pieces
 33868 | Orc:4    | Bought a scroll of teleportation for 42 gold pieces
 33868 | Orc:4    | Bought a scroll of teleportation for 42 gold pieces
 34436 | Swamp:1  | Entered Level 1 of the Swamp
 35363 | Swamp:2  | Received a gift from Trog
 35406 | Swamp:2  | Got a warped robe
 35585 | Swamp:2  | Noticed Roxanne
 35604 | Swamp:2  | Killed Roxanne
 35748 | Swamp:3  | Reached skill level 10 in Shields
 35808 | Swamp:3  | Reached XP level 17. HP: 109/109 MP: 23/23
 36485 | Swamp:3  | Got a pitted flail
 36486 | Swamp:3  | Identified the +9 flail of the Skies Above {venom, MR+ MP+9 Str+7 Dex-4} (You found it on level 3 of the Swamp)
 36492 | Swamp:4  | Entered Level 4 of the Swamp
 36496 | Swamp:4  | Noticed Mara
 36527 | Swamp:3  | Noticed theElss's illusion
 36775 | Swamp:4  | Reached skill level 19 in Maces & Flails
 37017 | Swamp:4  | Got a decaying rune of Zot
 37217 | Swamp:4  | Received a gift from Trog
 37224 | Swamp:4  | Got an ancient rapier {god gift}
 37773 | Spider:1 | Entered Level 1 of the Spider Nest
 40848 | Spider:3 | Noticed Donald
 40866 | Spider:3 | Killed Donald
 40956 | Spider:4 | Entered Level 4 of the Spider Nest
 41012 | Spider:4 | Noticed Asterion
 41044 | Spider:4 | Killed Asterion
 41044 | Spider:4 | Received a gift from Trog
 41119 | Spider:4 | Reached XP level 18. HP: 116/116 MP: 24/24
 41708 | Spider:4 | Received a gift from Trog
 41733 | Spider:4 | Noticed Arachne
 41772 | Spider:4 | Killed Arachne
 42016 | Spider:4 | Got a gossamer rune of Zot
 42733 | Depths:1 | Entered Level 1 of the Depths
 42896 | Depths:1 | Reached skill level 20 in Maces & Flails
 43223 | Lair:1   | Identified the +4 rapier "Hakkoj" {pierce, rN+} (Trog gifted it to you on level 4 of the Swamp)
 43250 | Lair:1   | Identified the +2 leather armour of Pollaveb {*Drain rF+ MR+ SInv} (You found it on level 11 of the Dungeon)
 43266 | Lair:1   | Identified the cursed +0 robe of Beogh's Vengeance {Regen+ Dex+2} (You found it on level 2 of the Swamp)
 43449 | Spider:3 | Got a pitted chain mail
 43460 | Spider:3 | Identified the +5 chain mail "Synuen" {Dex+3 Slay+3} (You found it on level 3 of the Spider Nest)
 43951 | Depths:1 | Found a gateway to Hell.
 44605 | Depths:2 | Received a gift from Trog
 44940 | Depths:2 | Reached skill level 15 in Shields
 44948 | Depths:2 | Found a glowing silver altar of Zin.
 44963 | Depths:2 | Reached XP level 19. HP: 107/123 MP: 25/25
 45026 | Depths:2 | Reached skill level 15 in Fighting
 45068 | Depths:2 | Noticed a golden dragon
 45093 | Depths:2 | Killed a golden dragon
 45149 | Depths:2 | HP: 7/186 [spriggan berserker/flail of protection (19)]
 45463 | Depths:2 | Got an ancient plate armour
 45829 | Depths:2 | Found a shattered altar of Ashenzari.
 45852 | Depths:2 | Killed from afar by a blizzard demon

Action                   |  1- 3 |  4- 6 |  7- 9 | 10-12 | 13-15 | 16-18 | 19-21 || total
-------------------------+-------+-------+-------+-------+-------+-------+-------++-------
Melee: Mace              |   123 |   122 |       |   499 |       |       |       ||   744
       Whip              |       |   138 |   741 |   366 |       |       |       ||  1245
       Flail             |       |       |       |   359 |       |       |       ||   359
       Dire flail        |       |       |       |    71 |  1233 |       |       ||  1304
       Morningstar       |       |       |       |       |   547 |       |       ||   547
       Demon whip        |       |       |       |       |   172 |   369 |       ||   541
       Eveningstar       |       |       |       |       |       |  2066 |   319 ||  2385
Invok: Berserk           |       |     1 |     8 |    12 |     8 |     4 |     4 ||    37
       Brothers in Arms  |       |       |     1 |     1 |       |       |       ||     2
 Abil: Evoke Flight      |       |       |       |     1 |       |       |       ||     1
       Fly               |       |       |       |       |     1 |     3 |       ||     4
  Use: Scroll            |       |     6 |     8 |    11 |    13 |     3 |     2 ||    43
       Potion            |       |       |     1 |     1 |       |     2 |     2 ||     6
  Eat: Chunk             |     1 |     6 |    25 |    52 |    67 |    83 |     5 ||   239
       Meat ration       |       |       |     1 |       |       |       |       ||     1
